 Dungeon Crawl Stone Soup version 0.29-a0-393-g47a863cc1b (webtiles) character file.

Game seed: 4168907861494954885

2692 NinjaNoafa the Ruffian (level 9, -3/85 HPs)
             Began as a Troll Fighter on May 9, 2022.
             Was a Priest of Cheibriados.
             Slain by an orc
             ... wielding a +0 whip
             ... summoned by an orange crystal statue
              (5 damage)
             ... on level 7 of the Dungeon.
             The game lasted 00:10:11 (5733 turns).

NinjaNoafa the Ruffian (Troll Fighter)              Turns: 5733, Time: 00:10:11

Health: -3/85      AC:  6    Str: 33      XL:     9   Next: 38%
Magic:  10/12      EV: 11    Int:  5 (11) God:    Cheibriados [***...]
Gold:   470        SH: 17    Dex: 20      Spells: 8/8 levels left

rFire   . . .      SeeInvis +     - Unarmed
rCold   . . .      Faith    .   b - +2 kite shield
rNeg    . . .      Spirit   .   a - +0 robe
rPois   .          Reflect  +   (helmet restricted)
rElec   .          Harm     .   w - +0 cloak
rCorr   .          Rampage  .   (gloves unavailable)
Will    .....                   (boots unavailable)
Stlth   ++........              d - amulet of reflection
HPRegen 1.04/turn               c - ring of see invisible
MPRegen 0.13/turn               (no ring)

@: very slow
A: large, unfitting armour, claws 3, regeneration 1, shaggy fur 2, tough skin 1,
subdued magic 1, MP-powered wands
a: Renounce Religion, Bend Time, Temporal Distortion


You were on level 7 of the Dungeon.
You worshipped Cheibriados.
Cheibriados was most pleased with you.
You visited 2 branches of the dungeon, and saw 8 of its levels.

You collected 470 gold pieces.

Inventory:

Missiles
 u - 3 throwing nets
 x - 4 javelins (quivered)
 y - 5 boomerangs
Armour
 a - a +0 robe (worn)
 b - a +2 kite shield (worn)
 w - a +0 cloak (worn)
Jewellery
 c - a ring of see invisible (left claw)
 d - an amulet of reflection (around neck)
 f - an amulet of the acrobat
Wands
 h - a wand of flame (32)
 n - a wand of paralysis (9)
 v - a wand of digging (9)
 A - a wand of iceblast (10)
Scrolls
 e - 4 scrolls of teleportation
 g - a scroll of identify
 i - a scroll of summoning
 j - 3 scrolls of fog
 l - a scroll of poison
 t - 3 scrolls of enchant weapon
Potions
 k - 5 potions of magic
 m - a potion of flight
 o - 3 potions of degeneration
 p - 2 potions of curing
 q - a potion of mutation
 s - a potion of cancellation


   Skills:
 + Level 4.6 Fighting
 + Level 4.6 Dodging
 + Level 4.6 Shields
 + Level 6.0 Unarmed Combat
 + Level 6.0 Invocations
 - Level 3.0 Evocations


You had 8 spell levels left.
You didn't know any spells.
Your spell library contained the following spells:

 Spells                   Type           Power      Damage    Failure   Level
 Foxfire                  Conj/Fire      0%         2x1d4     73%         1
 Shock                    Conj/Air       0%         1d3       73%         1
 Conjure Flame            Conj/Fire      0%         6-21      98%         3
 Ignite Poison            Fire/Tmut/Pois 0%         N/A       98%         3
 Inner Flame              Hex/Fire       0%         N/A       98%         3
 Mephitic Cloud           Conj/Pois/Air  0%         N/A       98%         3
 Swiftness                Air            0%         N/A       98%         3
 Airstrike                Air            0%         N/A       100%        4
 Flame Wave               Conj/Fire      0%         2d4       100%        4
 Summon Lightning Spire   Summ/Air       0%         N/A       100%        4
 Freezing Cloud           Conj/Ice/Air   0%         6-21      100%        5
 Dispersal                Tloc           0%         N/A       100%        6
 Storm Form               Tmut/Air       0%         N/A       100%        7
 Disjunction              Tloc           0%         N/A       100%        8
 Maxwell's Capacitive Co  Air            0%         ∞         100%        8


Dungeon Overview and Level Annotations

Branches:
Dungeon (7/15)             Temple (1/1) D:4

Altars:
Ashenzari
Cheibriados
Dithmenos
Elyvilon
Fedhas
Gozag
Hepliaklqana
Kikubaaqudgha
Makhleb
Nemelex Xobeh
Okawaru
Qazlal
Ru
Sif Muna
Trog
Uskayaw
Vehumet
Wu Jian
Xom
Yredelemnul
Zin
The Shining One

Shops:
D:5 (*:*(

Annotations:
D:5 3 runed translucent doors, RandomusNamus's ghost, novice MiCA
D:7 1 runed translucent door, exclusion: 4 orange crystal statues


Innate Abilities, Weirdness & Mutations

You are too large for most types of armour.
You have claws for hands.
Your natural rate of healing is unusually fast.
You are covered in thick fur. (AC +2)
You have tough skin. (AC +1)
Your spells are a little easier to cast, but a little less powerful.
You expend magic power (3 MP) to strengthen your wands.


Message History

The ice beast hits you but does no damage.
The gnoll hits you with a +0 spear. The gnoll hits you with a +0 club.
* * * LOW HITPOINT WARNING * * *
The scorpion barely misses you. The killer bee barely misses you.
The orc hits you but does no damage.
It was a potion of ambrosia.
You feel invigorated. The killer bee stings you!
* * * LOW HITPOINT WARNING * * *
You are poisoned.
The killer bee poisons you! The ice beast hits you.
* * * LOW HITPOINT WARNING * * *
The ice beast freezes you!
* * * LOW HITPOINT WARNING * * *
The scorpion stings you.
* * * LOW HITPOINT WARNING * * *
The gnoll hits you with a +0 spear.
* * * LOW HITPOINT WARNING * * *
The gnoll barely misses you. The gnoll closely misses you.
The orc hits you but does no damage. The killer bee stings you.
* * * LOW HITPOINT WARNING * * *
You are lethally poisoned!
The killer bee poisons you!
Unknown command.
You feel better.
You feel less invigorated. You block the killer bee's attack.
The scorpion barely misses you. You block the ice beast's attack.
You block the gnoll's attack. You block the gnoll shaman's attack.
The gnoll hits you from afar with a +0 spear.
* * * LOW HITPOINT WARNING * * *
You block the gnoll's attack.
The killer bee stings you but does no damage.
The orc hits you but does no damage.
It was a potion of cancellation.
You feel magically purged. You block the killer bee's attack.
The scorpion stings you.
* * * LOW HITPOINT WARNING * * *
The orange crystal statue fixes its piercing gaze on you.
Something tries to feed on your intellect!
You block the ice beast's attack. The gnoll hits you but does no damage.
The gnoll shaman hits you with a +0 whip of venom.
* * * LOW HITPOINT WARNING * * *
You block the gnoll's attack. x2; The orc hits you with a +0 whip.
You die...

#######.######.#
#####.#......#
#..........#
#.#####.(..#.#
#............#
#..####y####...
#8.ygy.8# ..
#g#Ysg#.#
#og@yY..#
#..#Fggog..#...
#..#oolgg..#...
#. #.#o..#.# ..
# #8.....8# .
####+#### ...
###


You could see 2 orange crystal statues, an ice beast (summoned), a sky beast
(summoned), a bullfrog (summoned), a gnoll shaman (summoned), a scorpion
(summoned), an iguana (summoned), 4 killer bees, 2 orc wizards, 8 gnolls and 3
orcs.

Vanquished Creatures
  Joseph (D:7)
  Sigmund (D:2)
  A steam dragon (D:5)
  An orc warrior (D:6)
  2 black bears
  An ogre (D:5)
  A phantom (D:5)
  Blork the orc (D:5)
  2 necrophages (D:5)
  A bullfrog (D:6)
  A gnoll sergeant (D:7)
  7 scorpions
  A howler monkey (D:5)
  2 jellies
  3 hounds
  2 gnoll shamans
  4 orc priests
  Ijyb (D:3)
  3 iguanas
  3 orc wizards (D:5)
  6 adders
  15 gnolls
  A shadow imp (D:7)
  3 white imps (D:5)
  4 ufetubi
  4 dart slugs
  12 orcs
  11 ball pythons
  8 bats
  4 endoplasms
  7 giant cockroaches
  6 hobgoblins
  6 quokkas
  5 frilled lizards
  11 goblins
  4 kobolds
  3 rats
  A bush (D:1)
150 creatures vanquished.

Vanquished Creatures (others)
  An orc (D:4)
  3 plants
4 creatures vanquished.

Grand Total: 154 creatures vanquished

Notes
Turn   | Place    | Note
-------+----------+-------------------------------------------
     0 | D:1      | NinjaNoafa the Troll Fighter began the quest for the Orb.
     0 | D:1      | Reached XP level 1. HP: 22/22 MP: 0/0
   159 | D:1      | Found a faded altar of an unknown god.
   216 | D:1      | Reached XP level 2. HP: 29/29 MP: 1/1
   828 | D:1      | Reached XP level 3. HP: 36/36 MP: 2/2
  1533 | D:2      | Noticed Sigmund
  1541 | D:2      | Killed Sigmund
  1542 | D:2      | Reached XP level 4. HP: 16/45 MP: 3/3
  1542 | D:2      | Reached XP level 5. HP: 18/53 MP: 4/4
  1881 | D:2      | Found a hide-covered altar of Uskayaw.
  1994 | D:3      | Noticed Ijyb
  1994 | D:3      | Paralysed by Ijyb for 5 turns
  2000 | D:3      | Paralysed by Ijyb for 4 turns
  2008 | D:3      | Killed Ijyb
  2105 | D:3      | Reached XP level 6. HP: 58/61 MP: 5/5
  2587 | D:4      | Found a staircase to the Ecumenical Temple.
  2608 | Temple   | Entered the Ecumenical Temple
  2790 | Temple   | Became a worshipper of Cheibriados the Contemplative
  3152 | D:4      | Reached * piety under Cheibriados
  3360 | D:5      | Entered Level 5 of the Dungeon
  3455 | D:5      | Found Sirelom's Antique Weapon Shoppe.
  3463 | D:5      | Reached skill level 1 in Invocations
  3506 | D:5      | Found a runed translucent gate.
  3506 | D:5      | Found a runed translucent gate.
  3506 | D:5      | Found a runed translucent gate.
  3527 | D:5      | Reached skill level 1 in Evocations
  3527 | D:5      | Reached XP level 7. HP: 63/67 MP: 5/7
  3717 | D:5      | Noticed a steam dragon
  3722 | D:5      | Killed a steam dragon
  3723 | D:5      | Reached XP level 8. HP: 75/75 MP: 9/9
  3738 | D:5      | Reached ** piety under Cheibriados
  3794 | D:5      | Gained mutation: Your spells are a little easier to cast,
                  | but a little less powerful. [potion of mutation]
  3794 | D:5      | Gained mutation: You expend magic power (3 MP) to
                  | strengthen your wands. [potion of mutation]
  3794 | D:5      | Gained mutation: You are covered in thick fur. (AC +2)
                  | [potion of mutation]
  3826 | D:5      | Found Xoneivef's Assorted Antiques.
  3913 | D:5      | Found Mewnatwi's Antique Weapon Boutique.
  3921 | D:5      | Reached skill level 5 in Invocations
  3953 | D:5      | Found Kinoesob's Assorted Antiques.
  4043 | D:5      | Found Mytros's Book Boutique.
  4057 | D:5      | Noticed Blork the orc
  4060 | D:5      | Reached skill level 5 in Unarmed Combat
  4072 | D:5      | Killed Blork the orc
  4153 | D:5      | Noticed RandomusNamus's ghost (novice MiCA)
  4681 | D:6      | Reached *** piety under Cheibriados
  4682 | D:6      | Reached XP level 9. HP: 84/84 MP: 12/12
  4869 | D:6      | Found a shimmering altar of Xom.
  5459 | D:7      | Noticed Joseph
  5471 | D:7      | Killed Joseph
  5715 | D:7      | Found a runed translucent door.
  5715 | D:7      | Found the +10 tower shield of Ignorance {rN+ Int-4}
  5719 | D:7      | Noticed an orange crystal statue
  5719 | D:7      | Noticed an orange crystal statue
  5719 | D:7      | Noticed an orange crystal statue
  5719 | D:7      | Noticed an orange crystal statue
  5722 | D:7      | Found a runed translucent door.
  5731 | D:7      | HP: 2/85 [killer bee[an orange crystal statue] (3)]
  5733 | D:7      | Slain by an orc

Illustrated notes

Levels and vault maps discovered:
D:1:      eino_arrival_druids_welcome, layout_basic,
          shapermc_ecumenical_altar_acropolis, serial_forest,
          infiniplex_forest_lined_3, infiniplex_forest_end_2,
          infiniplex_forest_lined_1, infiniplex_forest_clump_tiny,
          infiniplex_forest_end_1, infiniplex_forest_zigzag_1,
          infiniplex_forest_end_2, infiniplex_forest_split,
          infiniplex_forest_clump_medium
D:2:      layout_basic, basic_altar, uniq_sigmund
D:3:      layout_basic, nicolae_elevator_lobby_asterisk, uniq_ijyb
D:4:      layout_basic, minmay_temple_entry_offerings, serial_bayou_ford_a,
          st_stairs_1, minivault_23
D:5:      layout_basic, serial_shops, shop, nicolae_shop_overgrown_old_shop,
          nicolae_shop_crystal, nicolae_stop_n_shop_2, shop,
          gammafunk_ghost_icy, dreamdust_wishing_well, minmay_joined_circles,
          uniq_blork_the_orc
D:6:      nicolae_cairo_tiling, layout_loops_ring, mainiacjoe_overflow_alcove_1
D:7:      layout_basic, chequers_guarded_unrand_ignorance, uniq_joseph
Temple:   mainiacjoe_temple_starburst

Skill      XL: |  1  2  3  4  5  6  7  8  9 |
---------------+----------------------------+-----
Unarmed Combat | 4 5 6 |  6.0
Fighting       | 3 4 |  4.6
Dodging        | 3 4 |  4.6
Shields        | 3 4 |  4.6
Invocations    | 1 3 5 6 |  6.0
Evocations     | 1 3 |  3.0

Action                   |  1- 3 |  4- 6 |  7- 9 || total
-------------------------+-------+-------+-------++-------
Melee: Unarmed           |   131 |   146 |   172 ||   449
Throw: Boomerang         |    15 |     2 |     7 ||    24
       Javelin           |       |       |    28 ||    28
       Throwing net      |       |       |     2 ||     2
Evoke: Wand              |       |       |     3 ||     3
  Use: Potion            |     1 |     3 |    10 ||    14
       Scroll            |       |     7 |    12 ||    19
 Stab: Sleeping          |       |     1 |     1 ||     2
       Invisible         |       |     2 |       ||     2
       Paralysed         |       |       |     2 ||     2
Armor: Robe              |    43 |    45 |    57 ||   145
Dodge: Dodged            |    26 |    64 |    84 ||   174
Block: Kite shield       |    35 |    56 |   174 ||   265
       Reflection        |       |       |     1 ||     1

Table legend: (Time is in decaauts)
 A = Elapsed time spent in this place.
 B = Non-inter-level travel time spent in this place.
 C = Inter-level travel time spent in this place.
 D = Time resting spent in this place.
 E = Time spent auto-exploring this place.
 F = Levels seen in this place.
 G = Mean time per level.
                   A        B        C        D        E       F      G
               +--------+--------+--------+--------+--------+-----+--------+
         Total |   6951 |   6715 |    236 |     60 |   5185 |   8 |  868.9 |
       Dungeon |   6697 |   6531 |    166 |     60 |   5020 |   7 |  956.7 |
        Temple |    253 |    183 |     70 |      0 |    165 |   1 |  253.0 |
               +--------+--------+--------+--------+--------+-----+--------+

Top non-repeatable levels by time:
     D:6: 1343 daAuts
     D:5: 1298 daAuts
     D:1: 1293 daAuts
     D:7: 776 daAuts
     D:4: 711 daAuts
     D:3: 649 daAuts
     D:2: 625 daAuts
  Temple: 253 daAuts
